 Dungeon Crawl Stone Soup version 0.27-a0-103-g6cd7b45605 (webtiles) character file.

Game seed: 2014435160149944398

26656 knot the Cleaver (level 13, 52/86 HPs)
             Began as a Demonspawn Berserker on Jan 23, 2021.
             Was an Elder of Trog.
             Quit the game on level 3 of the Lair of Beasts.
             The game lasted 00:45:17 (17156 turns).

knot the Cleaver (Demonspawn Berserker)            Turns: 17156, Time: 00:45:17

Health: 52/86      AC: 13    Str: 18    XL:     13   Next: 0%
Magic:  13/13      EV: 12    Int: 13    God:    Trog [****..]
Gold:   754        SH:  0    Dex: 16    Spells: 12/12 levels left

rFire    . . .     SeeInvis .   N - +2 battleaxe (vorpal)
rCold    . . .     Faith    .   (shield currently unavailable)
rNeg     + . .     Spirit   .   s - +0 ring mail of the Moon Troll {-Cast rPois rCorr}
rPois    +         Reflect  .   (helmet restricted)
rElec    .         Harm     .   y - +1 cloak
rCorr    +         Rampage  .   W - +2 pair of gloves {archery}
Will     .....     NoCast   +   K - +2 pair of boots
Stlth    ++........             g - amulet of Xom's Generosity {Acrobat Dex+3}
HPRegen  0.24/turn              X - ring of positive energy
MPRegen  0.13/turn              l - ring of stealth

@: no status effects
A: antennae 2, demonic guardian 1, powered by death 2, sturdy frame 1
a: Renounce Religion, Berserk, Trog's Hand, Brothers in Arms


You were on level 3 of the Lair of Beasts.
You worshipped Trog.
Trog was greatly pleased with you.
You visited 3 branches of the dungeon, and saw 15 of its levels.
You also visited: Bailey and Volcano.

You collected 1174 gold pieces.
You spent 420 gold pieces at shops.

Inventory:

Hand Weapons
 a - a +2 glaive of flaming
 m - a +0 broad axe
 L - the +6 dire flail of the Volcano {venom, Dex+5}
   (You took it off a two-headed ogre on level 7 of the Dungeon)

   It poisons the flesh of those it strikes.
   It affects your dexterity (+5).
 N - a +2 vorpal battleaxe (weapon)
Missiles
 b - 15 javelins (quivered)
 d - 288 stones
 h - a boomerang
 o - 58 poisoned darts
 A - 86 sling bullets
Armour
 r - a +3 ring mail of fire resistance
 s - the +0 ring mail of the Moon Troll (worn) {-Cast rPois rCorr}
   (You found it on level 8 of the Dungeon)

   It protects you from poison.
   It prevents spellcasting.
   It provides partial protection from all sources of acid and corrosion.
 y - a +1 cloak (worn)
 K - a +2 pair of boots (worn)
 W - a +2 pair of gloves of archery (worn)
Magical Staves
 O - an uncursed staff of fire {unknown}
Jewellery
 g - the amulet of Xom's Generosity (around neck) {Acrobat Dex+3}
   (You took it off an orc in a bailey)

   [amulet of the acrobat]

   It helps you evade while moving and waiting.
   It affects your dexterity (+3).
 l - a ring of stealth (right hand)
 w - the ring "Ecsus" {+Inv rN+++ Str-4 Dex+3 Stlth+}
   (You found it on level 11 of the Dungeon)

   [ring of stealth]

   It affects your strength (-4).
   It affects your dexterity (+3).
   It renders you almost immune to negative energy.
   It lets you turn invisible.
   It makes you more stealthy.
 X - a ring of positive energy (left hand)
Wands
 D - a wand of random effects (44)
 G - a wand of acid (12)
 I - a wand of paralysis (15)
 M - a wand of flame (15)
 V - a wand of digging (9)
Scrolls
 c - 2 scrolls of identify
 i - 2 scrolls of amnesia
 k - 11 scrolls of remove curse
 n - 2 scrolls of blinking
 p - 2 scrolls of enchant armour
 q - 3 scrolls of enchant weapon
 t - 4 scrolls of fog
 u - 2 scrolls of fear
 v - 9 scrolls of teleportation
 C - a scroll of summoning
 F - 4 scrolls of random uselessness
 P - 2 scrolls of vulnerability
 U - 2 scrolls of immolation
Potions
 e - a potion of heal wounds
 f - 3 potions of flight
 j - 3 potions of curing
 x - 2 potions of cancellation {unknown}
 z - a potion of lignification
 B - 3 potions of might
 E - 2 potions of brilliance
 H - a potion of ambrosia {unknown}
 J - 3 potions of berserk rage
 Q - a potion of resistance {unknown}
 S - 2 potions of magic {unknown}
 T - 2 potions of mutation {unknown}
 Y - 2 potions of attraction {unknown}


   Skills:
 - Level 3.0 Fighting
 * Level 14.2 Axes
 * Level 13.8 Throwing
 - Level 1.7 Armour
 - Level 1.7 Dodging


You had 12 spell levels left.
You didn't know any spells.
Your spell library contained the following spells:

 Spells                   Type           Power        Failure   Level
 Animate Skeleton         Necr           0%           38%         1
 Apportation              Tloc           0%           38%         1
 Beastly Appendage        Tmut           0%           38%         1
 Corona                   Hex            0%           38%         1
 Pain                     Necr           0%           38%         1
 Summon Small Mammal      Summ           0%           38%         1
 Wereblood                Tmut           0%           52%         2
 Spider Form              Tmut/Pois      0%           77%         3
 Vampiric Draining        Necr           0%           77%         3
 Animate Dead             Necr           0%           99%         4
 Ice Form                 Ice/Tmut       0%           99%         4
 Agony                    Necr           0%           100%        5
 Blade Hands              Tmut           0%           100%        5


Dungeon Overview and Level Annotations

Branches:
Dungeon (11/15)            Temple (1/1) D:6            Lair (3/6) D:9
 Spider (0/4) Lair:2          Orc (0/2) D:11         Bailey (visited)
Volcano (visited)
  Swamp: Lair:2-4    Shoals: Lair:2-4

Altars:
Ashenzari
Cheibriados
Dithmenos
Elyvilon
Fedhas
Gozag
Hepliaklqana
Kikubaaqudgha
Makhleb
Nemelex Xobeh
Okawaru
Qazlal
Ru
Sif Muna
Trog
Uskayaw
Vehumet
Wu Jian
Xom
Yredelemnul
Zin
The Shining One

Shops:
D:4 *[!=   D:5 }   D:9 ![


Innate Abilities, Weirdness & Mutations

You have a pair of antennae on your head.
A weak demonic guardian rushes to your aid.
You regenerate health from kills.
Your movements are slightly less encumbered by armour. (ER -2)


Message History

You hit the yak. The yak gores you! The yak gores you.
You barely miss the yak.
The yak is heavily wounded.
You hit the yak. The yak gores you. The yak gores you!
You slash the yak!
The yak is almost dead.
You slash the yak! The yak barely misses you. x2
You hit the yak but do no damage.
The yak is almost dead.
You hit the yak but do no damage. The yak barely misses you. The yak gores you!
You slash the yak!
You kill the yak!
Trog accepts your kill.
You slash the yak!
You kill the yak!
Trog accepts your kill.
You have reached level 13!
Your demonic ancestry asserts itself...
You feel the presence of a demonic guardian.
Are you sure you want to abandon this character and quit the game? (Confirm with "yes".)

### #####.#### ######
#........# ..>...#
#........#
.......######........#
......+†##.##........#
..=..YY@.............#
......######.........###
..... ##...).....P# ..
.... #.........## . ....
#.........# . .##
###...P#### # ###. .
####....## ## #.....
##.#.#....### .#
#####..#. #.#.........#


You could see 2 yaks.

Vanquished Creatures
  Josephine (D:10)
  2 two-headed ogres
  A lindwurm (Lair:2)
  2 oklob plants (Lair:1)
  2 manticores (D:11)
  5 elephants (Lair:3)
  A black mamba (Lair:2)
  6 cane toads
  A komodo dragon (Lair:2)
  2 polar bears
  The ghost of senyk the Insei, an amateur DsMo of Dithmenos (D:4)
  2 wraiths (D:10)
  A fire elemental (Volcano)
  33 yaks
  2 wyverns
  5 humans (D:7)
  2 steam dragons (Lair:2)
  A warg (D:11)
  3 water moccasins
  4 ice beasts
  A sky beast (D:6)
  A black bear (D:9)
  2 phantoms
  13 orc warriors
  7 ogres
  A wolf (Lair:2)
  13 centaurs
  3 big kobolds
  10 bullfrogs
  2 scorpions
  A water moccasin skeleton (D:9)
  3 wights (D:8)
  13 killer bees (D:10)
  An electric eel (Lair:1)
  A howler monkey (D:7)
  6 hounds
  9 orc priests
  6 jellies
  A bullfrog skeleton (D:5)
  4 centaur skeletons
  5 iguanas
  7 orc wizards
  6 worker ants
  2 killer bee zombies
  A hound zombie (D:7)
  2 howler monkey skeletons
  10 adders
  14 gnolls
  2 shadow imps (D:7)
  3 white imps
  4 oozes
  2 adder skeletons
  An adder zombie (D:5)
  2 worms (D:3)
  5 dart slugs
  7 leopard geckos
  73 orcs
  A ball python (D:4)
  3 giant cockroaches
  10 goblins
  10 hobgoblins
  14 jackals
  A quokka (D:8)
  8 bats
  A frilled lizard (D:1)
  2 jackal skeletons
  16 kobolds
  2 quokka skeletons (D:6)
  A quokka zombie (D:6)
  5 rats
395 creatures vanquished.

Vanquished Creatures (collateral kills)
  A stone giant (Volcano)
  A hydra (Lair:1)
  A death knight (D:11)
  The ghost of Maimakterion the Skirmisher, a novice OgBe of Trog (D:7)
  2 cane toads
  An efreet (Volcano)
  5 komodo dragons
  3 wraiths (D:10)
  A redback (Lair:2)
  3 fire elementals (Volcano)
  A water moccasin (Lair:2)
  An ogre (D:7)
  2 centaurs (D:10)
  3 wolves (Lair:2)
  A bullfrog (Lair:2)
  An iguana (Lair:2)
  An adder (D:10)
29 creatures vanquished.

Vanquished Creatures (others)
  3 fungi (Lair:2)
  11 plants
14 creatures vanquished.

Grand Total: 438 creatures vanquished

Notes
Turn   | Place    | Note
-------+----------+-------------------------------------------
     0 | D:1      | knot the Demonspawn Berserker began the quest for the Orb.
     0 | D:1      | Reached XP level 1. HP: 18/18 MP: 1/1
    25 | D:1      | Reached skill level 3 in Axes
   110 | D:1      | Gained mutation: Your movements are slightly less
                  | encumbered by armour. (ER -2) [demonic ancestry]
   110 | D:1      | Reached XP level 2. HP: 14/24 MP: 2/2
   838 | D:1      | Gained mutation: You have a pair of small antennae on your
                  | head. [demonic ancestry]
   838 | D:1      | Reached XP level 3. HP: 29/29 MP: 3/3
   942 | D:1      | You fall into a shaft and drop 1 floor!
   959 | D:2      | Reached ** piety under Trog
  1009 | D:2      | Reached skill level 4 in Axes
  1009 | D:2      | Reached skill level 1 in Throwing
  1147 | D:2      | Gained mutation: You have a pair of antennae on your head.
                  | [demonic ancestry]
  1147 | D:2      | Reached XP level 4. HP: 35/35 MP: 4/4
  1774 | D:2      | Found a blossoming altar of Fedhas.
  2152 | D:3      | Found a stormy altar of Qazlal.
  2156 | D:3      | Found a basalt altar of Yredelemnul.
  2212 | D:3      | Found an ornate altar of the Wu Jian Council.
  2213 | D:3      | Found a sparkling altar of Nemelex Xobeh.
  2447 | D:3      | Found a bloodstained altar of Trog.
  2574 | D:3      | Found an iron altar of Okawaru.
  2627 | D:3      | Found a glowing golden altar of the Shining One.
  2791 | D:4      | Reached XP level 5. HP: 35/41 MP: 5/5
  3120 | D:4      | Reached skill level 5 in Axes
  3120 | D:4      | Reached XP level 6. HP: 47/47 MP: 6/6
  3281 | D:4      | Found Ciecywk's General Store.
  3293 | D:4      | Found a large runed translucent door.
  3294 | D:4      | Found a large runed translucent door.
  3297 | D:4      | Noticed senyk's ghost (amateur DsMo)
  3367 | D:4      | Found Tuumayt's Distillery.
  3378 | D:4      | Found Wiexysh's Jewellery Shop.
  3568 | D:4      | Found Huriul's Armour Shop.
  3780 | D:4      | Killed senyk's ghost
  3780 | D:4      | Reached *** piety under Trog
  3847 | D:5      | Entered Level 5 of the Dungeon
  3875 | D:5      | Found a shimmering blue altar of Sif Muna.
  3956 | D:5      | Reached XP level 7. HP: 49/52 MP: 7/7
  4181 | D:5      | Found Izxiucari's Gadget Shop.
  4204 | D:5      | Reached skill level 6 in Axes
  4489 | D:5      | Reached skill level 5 in Throwing
  4561 | D:5      | Found a shimmering altar of Xom.
  4877 | D:6      | Found a sacrificial altar of Ru.
  4960 | D:6      | Found a staircase to the Ecumenical Temple.
  4974 | Temple   | Entered the Ecumenical Temple
  5109 | D:6      | Reached XP level 8. HP: 54/58 MP: 8/8
  5160 | D:6      | Reached skill level 7 in Axes
  5166 | D:6      | Reached **** piety under Trog
  6248 | D:7      | Reached skill level 8 in Axes
  6530 | D:7      | Reached XP level 9. HP: 56/63 MP: 9/9
  6846 | D:7      | Found a broken altar of Ashenzari.
  7015 | D:7      | Got a pitted leather armour
  7016 | D:7      | Identified the +0 leather armour of Unecwewk {Harm Regen+}
                  | (You found it on level 7 of the Dungeon)
  7341 | D:7      | Reached skill level 9 in Axes
  7741 | D:7      | Found a transporter.
  7742 | D:7      | Noticed Maimakterion's ghost (novice OgBe)
  7746 | D:7      | Identified the +6 dire flail of the Volcano {venom, Dex+5}
  7746 | D:7      | Noticed a two-headed ogre
  7747 | D:7      | Found a transporter.
  7767 | D:7      | Killed Maimakterion's ghost
  7787 | D:7      | Killed a two-headed ogre
  8173 | D:8      | Got an ichor-stained ring mail
  8230 | D:8      | Found a flagged portal.
  8257 | D:8      | Identified the +0 ring mail of the Moon Troll {-Cast rPois
                  | rCorr} (You found it on level 8 of the Dungeon)
  8259 | Bailey   | Entered a bailey
  8276 | Bailey   | Reached XP level 10. HP: 47/70 MP: 10/10
  8288 | Bailey   | Reached skill level 10 in Axes
  9274 | Bailey   | Identified the ring "Ojah" {*Tele Int+7}
  9364 | Bailey   | Identified the amulet of Xom's Generosity {Acrobat Dex+3}
  9375 | Bailey   | Reached ***** piety under Trog
 10042 | D:8      | Reached skill level 10 in Throwing
 10450 | D:8      | Found a sparkling altar of Nemelex Xobeh.
 10565 | D:8      | Found a glowing silver altar of Zin.
 10582 | D:8      | Reached skill level 11 in Axes
 10728 | D:9      | Found Byxtiere's Antique Armour Emporium.
 11022 | D:9      | Found Yquranu's Distillery.
 11363 | D:9      | Gained mutation: You regenerate a little health from kills.
                  | [demonic ancestry]
 11363 | D:9      | Reached XP level 11. HP: 73/75 MP: 11/11
 11514 | D:9      | Found a staircase to the Lair.
 11647 | D:9      | Noticed a two-headed ogre
 11657 | D:9      | Killed a two-headed ogre
 12091 | D:9      | Bought a pair of runed gloves for 210 gold pieces
 12101 | D:9      | Bought a pair of glowing gloves for 210 gold pieces
 12147 | D:10     | Entered Level 10 of the Dungeon
 12503 | D:10     | Received a gift from Trog
 12691 | D:10     | Noticed Josephine
 12697 | D:10     | Killed Josephine
 12698 | D:10     | Reached skill level 12 in Axes
 12964 | D:11     | Found a snail-covered altar of Cheibriados.
 12994 | D:11     | Got a shimmering golden ring
 13151 | D:11     | Identified the ring "Ecsus" {+Inv rN+++ Str-4 Dex+3 Stlth+}
                  | (You found it on level 11 of the Dungeon)
 13958 | D:11     | Found a staircase to the Orcish Mines.
 14386 | D:11     | Noticed a death knight
 14404 | D:11     | Killed a death knight
 14911 | Lair:1   | Entered Level 1 of the Lair of Beasts
 14973 | Lair:1   | Gained mutation: You regenerate health from kills. [demonic
                  | ancestry]
 14973 | Lair:1   | Reached XP level 12. HP: 81/81 MP: 12/12
 15162 | Lair:1   | Reached skill level 13 in Axes
 15288 | Lair:1   | Noticed an eight-headed hydra
 15291 | Lair:1   | Killed a nine-headed hydra
 15666 | Lair:2   | Received a gift from Trog
 16168 | Lair:2   | Found a dark tunnel.
 16181 | Volcano  | Entered a volcano
 16196 | Volcano  | Noticed a stone giant
 16205 | Volcano  | Killed a stone giant
 16725 | Lair:2   | Found a hole to the Spider Nest.
 16781 | Lair:2   | Reached skill level 14 in Axes
 17052 | Lair:3   | Found a burning altar of Makhleb.
 17156 | Lair:3   | Gained mutation: A weak demonic guardian rushes to your
                  | aid. [demonic ancestry]
 17156 | Lair:3   | Reached XP level 13. HP: 52/86 MP: 13/13
 17156 | Lair:3   | Quit the game

Illustrated notes

Levels and vault maps discovered:
D:1:      zaba_arrival_water, layout_rooms, serial_curves, eino_curves_02,
          eino_curves_02, serial_bayou_crossing
D:2:      layout_rooms, fedhas_altar_2
D:3:      layout_basic, lightli_temple_of_fire, old_standard_altar,
          nicolae_overflow_hidden_temple, minivault_11
D:4:      layout_gridville, ebering_ghost_disaster_area, serial_shops,
          nicolae_shop_behind_doors,
          nicolae_shop_temple_entry_statues_fountains, nicolae_shop_stone,
          nicolae_shop_behind_doors, hangedman_decor_diamond_cutter
D:5:      layout_basic, led_sif_pool, kennysheep_mini_moat, serial_shops,
          nicolae_shop_stone
D:6:      layout_basic, kennysheep_mini, temple_fountains, serial_curves,
          eino_curves_03, eino_curves_01, eino_curves_01, eino_curves_03,
          grunt_ministairs_15, minmay_misc_feat_roman
D:7:      kennysheep_six_static_rooms, layout_loops_cross,
          lemuel_coloured_pillars_altar, gammafunk_ghost_smash, minmay_ruffians
D:8:      layout_cave_pools, old_standard_altar, lightli_bailey_entry_fortress,
          nemelex_dance_club_becter
D:9:      layout_layer_cave, lair_entry_dummy, serial_shops,
          kennysheep_little_box, nicolae_shop_overgrown_old_shop
D:10:     layout_rooms, uniq_josephine
D:11:     layout_loops_cross, erik_orc_3, basic_altar
Temple:   kb_temple_of_zot
Lair:1:   layout_gridlike, grunt_megastairs_3, minmay_lair_oklob_chamber,
          infiniplex_staircase_pool
Lair:2:   beast_lair_carwin_large_3, layout_gridlike, spider_nest_entry_a,
          nicolae_volcano_entry_vermiform, st_stairs_7
Lair:3:   layout_roguey, basic_altar, disabler_island

Skill      XL: |  1  2  3  4  5  6  7  8  9 10 11 12 |
---------------+-------------------------------------+-----
Axes           | 3 4 5 6 8 9 11 12 14 | 14.2
Throwing       | 1 2 3 4 5 7 9 10 12 13 | 13.8
Fighting       | |  3.0
Armour         | |  1.7
Dodging        | |  1.7

Action                   |  1- 3 |  4- 6 |  7- 9 | 10-12 | 13-15 || total
-------------------------+-------+-------+-------+-------+-------++-------
Melee: Hand axe          |    90 |    59 |       |       |       ||   149
       Whip              |       |    85 |   289 |       |       ||   374
       Dire flail        |       |       |    44 |   287 |       ||   331
       Battleaxe         |       |       |       |    91 |       ||    91
Throw: Boomerang         |    19 |       |    35 |   106 |       ||   160
       Dart              |       |    72 |    13 |    45 |       ||   130
       Javelin           |       |       |       |   233 |       ||   233
Invok: Berserk           |     5 |     3 |     6 |     6 |       ||    20
       Trog's Hand       |       |     1 |       |       |       ||     1
       Brothers in Arms  |       |       |     2 |    14 |       ||    16
Evoke: Wand              |       |       |    10 |     4 |       ||    14
  Use: Scroll            |       |       |    10 |     9 |       ||    19
       Potion            |       |       |       |     9 |       ||     9
 Stab: Sleeping          |       |     4 |     6 |     6 |       ||    16
       Distracted        |       |     1 |       |       |       ||     1
Armor: Animal skin       |    16 |       |       |       |       ||    16
       Ring mail         |    10 |    50 |   131 |   152 |       ||   343
Dodge: Dodged            |    67 |    72 |   186 |   217 |       ||   542

Table legend: (Time is in decaauts)
 A = Elapsed time spent in this place.
 B = Non-inter-level travel time spent in this place.
 C = Inter-level travel time spent in this place.
 D = Time resting spent in this place.
 E = Time spent auto-exploring this place.
 F = Levels seen in this place.
 G = Mean time per level.
                   A        B        C        D        E       F      G
               +--------+--------+--------+--------+--------+-----+--------+
         Total |  17249 |  16626 |    623 |   3667 |   9713 |  17 | 1014.6 |
       Dungeon |  13244 |  12668 |    576 |   2955 |   7509 |  11 | 1204.0 |
        Temple |    105 |     89 |     16 |      0 |     89 |   1 |  105.0 |
          Lair |   1876 |   1846 |     30 |    256 |   1165 |   3 |  625.3 |
        Bailey |   1671 |   1671 |      0 |    449 |    760 |   1 | 1671.0 |
       Volcano |    352 |    352 |      0 |      6 |    190 |   1 |  352.0 |
               +--------+--------+--------+--------+--------+-----+--------+

Top non-repeatable levels by time:
     D:7: 2136 daAuts
    D:11: 1938 daAuts
  Bailey: 1671 daAuts
     D:9: 1489 daAuts
     D:1: 1368 daAuts
     D:6: 1112 daAuts
     D:3: 1011 daAuts
     D:5: 953 daAuts
     D:4: 896 daAuts
  Lair:2: 846 daAuts
     D:8: 837 daAuts
    D:10: 831 daAuts
  Lair:1: 755 daAuts
     D:2: 668 daAuts
 Volcano: 352 daAuts
